 Dungeon Crawl Stone Soup version 0.31-a0-986-g5e6e4ef867 (webtiles) character file.

Game seed: 11393890289665512504

48 sokol815 the Poker (level 3, -1/25 HPs)
             Began as an Octopode Gladiator on Nov 12, 2023.
             Slain by an orc priest
             ... wielding a +0 flail
              (10 damage)
             ... on level 3 of the Dungeon.
             The game lasted 00:02:26 (1207 turns).

sokol815 the Poker (Octopode Gladiator)             Turns: 1207, Time: 00:02:27

Health: -1/25      AC:  2    Str: 15    XL:     3   Next: 72%
Magic:  12/12      EV: 13    Int: 10    God:
Gold:   51         SH:  0    Dex: 13    Spells: 2/2 levels left

rFire   . . .        a - +0 trident
rCold   . . .        (no shield)
rNeg    . . .        b - +1 hat
rPois   .            (no amulet)
rElec   .            e - ring of magical power {MP+9}
rCorr   .            (no ring)
SInv    .            (no ring)
Will    .....        (no ring)
Stlth   ++           (no ring)
HPRegen 0.24/turn    (no ring)
MPRegen 0.13/turn    (no ring)
                     (no ring)

%: no passive effects
@: no status effects
A: almost no armour, amphibious, 8 rings, camouflage 1, gelatinous body 1,
(nimble swimmer 1), tentacles
a: no special abilities


You were on level 3 of the Dungeon.
You visited 1 branch of the dungeon, and saw 3 of its levels.

You collected 51 gold pieces.

Inventory:

Hand Weapons
 a - a +0 trident (weapon)
Missiles
 c - 3 throwing nets {!d}
 d - a javelin
 s - 9 stones
Armour
 b - a +1 hat (worn)
Jewellery
 e - a ring of magical power (left tentacle) {MP+9}
   (You found it on level 1 of the Dungeon)
Wands
 i - a wand of iceblast (10)
   (You found it on level 2 of the Dungeon)
Scrolls
 V - a scroll of vulnerability {!r!r}
Potions
 j - a potion of curing {unknown}
 k - a potion of lignification {unknown}
 l - a potion of might {unknown}
 o - a potion of haste {unknown}
 N - 2 potions of heal wounds {@q2}


   Skills:
 + Level 2.7 Fighting
 * Level 4.1 Polearms
 - Level 2.0 Throwing
 - Level 3.0 Dodging


You had 2 spell levels left.
You didn't know any spells.
Your spell library was empty.

Dungeon Overview and Level Annotations

Branches:
Dungeon (3/15) Zot: 16782

Altars:

Annotations:
D:2 exclusion: phantom


Innate Abilities, Weirdness & Mutations

You cannot wear most types of armour.
You are amphibious.
You can wear up to eight rings at the same time.
Your skin changes colour to match your surroundings (Stealth+).
Your rubbery body absorbs attacks. (AC +1, EV +1)
((You are camouflaged when in or above water. (Stealth+)))
You have tentacles for arms and can constrict up to eight enemies at once.


Message History

You barely miss the giant cockroach. You grab the giant cockroach.
You squeeze the giant cockroach.
You constrict the giant cockroach, but do no damage.
The giant cockroach barely misses you.
You hit the giant cockroach.
You kill the giant cockroach!
No target in view!
A ball python comes into view.
The ball python hisses angrily.
You hear a shout!
A hobgoblin comes into view.
You hit the ball python.
You kill the ball python!
You see here a ball python corpse.
You reach to attack!
You hit the hobgoblin but do no damage. You hit the hobgoblin.
You kill the hobgoblin!
No target in view!
No target in view!
Found an escape hatch in the floor.
You see here a hobgoblin corpse.
You hear the slow rusting of a very distant drain.
An adder comes into view.
The adder hisses angrily.
You reach to attack!
You closely miss the adder. The adder barely misses you.
You miss the adder. Your grab misses the adder. The adder barely misses you.
You hit the adder. Your grab misses the adder. Your squeeze misses the adder.
The adder misses you. The adder barely misses you.
You closely miss the adder. Your grab misses the adder. You squeeze the adder.
The adder bites you.
You take 4 damage, and have 21/25 hp.
You miss the adder. Your grab misses the adder. The adder closely misses you.
The adder bites you.
You are poisoned.
The adder poisons you!
You take 4 damage, and have 17/25 hp.
You puncture the adder!
You kill the adder!
You feel sick.
Your Polearms skill increases to level 4!
You take 1 damage, and have 16/25 hp.
No target in view!
No target in view!
You feel sick.
You take 1 damage, and have 15/25 hp.
You feel sick.
You take 1 damage, and have 14/25 hp.
You feel sick.
You take 1 damage, and have 13/25 hp.
You feel sick.
You feel sick.
You are no longer poisoned.
You take 1 damage, and have 12/25 hp.
A frilled lizard comes into view.
The frilled lizard hisses angrily.
An orc comes into view. It is wielding a +0 dagger.
You hear the slow rusting of a very distant drain.
You reach to attack!
You hit the frilled lizard. You miss the frilled lizard.
You grab the frilled lizard. You squeeze the frilled lizard.
You kill the frilled lizard!
You barely miss the orc. Your grab misses the orc.
The orc hits you with a +0 dagger.
You take 2 damage, and have 16/25 hp.
You hit the orc. You grab the orc. You squeeze the orc.
You kill the orc!
No target in view!
You see here a +0 dagger.
A ball python comes into view.
An orc comes into view. It is wielding a +0 trident.
An orc priest comes into view. It is wielding a +0 flail.
Found a stone staircase leading up.
The orc priest shouts!
The orc shouts!
An orc comes into view. It is wielding a +0 hand axe.
You hit the ball python.
You kill the ball python!
A giant cockroach comes into view.
You reach to attack!
You barely miss the orc. The orc barely misses you.
You reach to attack!
You puncture the orc!
You kill the orc!
The orc priest mumbles some strange prayers to Beogh against you.
Beogh smites you!
You take 12 damage, and have 8/25 hp.
MASSIVE DAMAGE!!
Reach: a) +0 trident
Press: ? - help, Dir - move target, f - orc
Aim: an orc, wielding a +0 hand axe (about 41% to evade your +0 trident)
You reach to attack!
You closely miss the orc. The orc misses you.
Reach: a) +0 trident
Press: ? - help, Dir - move target, f/p - orc
Aim: an orc, wielding a +0 hand axe (about 41% to evade your +0 trident)
You closely miss the orc. You grab the orc. You constrict the orc.
The orc completely misses you.
You barely miss the orc. You constrict the orc. The orc closely misses you.
You puncture the orc!
You kill the orc!
You puncture the orc priest! You grab the orc priest.
You squeeze the orc priest, but do no damage.
You constrict the orc priest, but do no damage.
The orc priest hits you with a +0 flail!
You die...

#.# #.##..###
#.#.##< #>§#
##....# .# #..#
####.#.#.##.###
#...
#.......... ..#
#.### #.
#.#.#.# ... ..
#. #....# #B#
### #.###....##
#o# #.#..)....#
#@#
#.#.......###.#
#...†.........#
#####...#######
#...# ##..#
#..# #..# #..#


You could see an orc priest and a giant cockroach.

Vanquished Creatures
  An adder (D:3)
  A dart slug (D:1)
  3 orcs (D:3)
  3 endoplasms
  3 giant cockroaches
  2 goblins
  4 hobgoblins
  A quokka (D:1)
  4 ball pythons
  4 bats
  3 frilled lizards
  A kobold (D:1)
  2 rats (D:1)
32 creatures vanquished.

Notes
Turn   | Place    | Note
-------+----------+-------------------------------------------
     0 | D:1      | sokol815 the Octopode Gladiator began the quest for the
                  | Orb.
     0 | D:1      | Reached XP level 1. HP: 14/14 MP: 1/1
    83 | D:1      | Reached XP level 2. HP: 16/19 MP: 2/2
   599 | D:2      | Noticed a phantom
   677 | D:2      | Reached XP level 3. HP: 24/25 MP: 3/3
  1157 | D:3      | Reached skill level 4 in Polearms
  1207 | D:3      | Slain by an orc priest

Illustrated notes

Levels and vault maps discovered:
D:1:      minmay_arrival_checkered_box, layout_rooms
D:2:      layout_basic, ebering_ecumenical_altar_hall,
          minmay_misc_feat_secret_circle, serial_bayou_ford_a
D:3:      layout_loops_ring, gup_sewer_entry_spiral, grunt_ministairs_4

Skill      XL: |  1  2  3 |
---------------+----------+-----
Polearms       | 4 |  4.1
Fighting       | |  2.7
Throwing       | |  2.0
Dodging        | |  3.0

Action                     || total
---------------------------++-------
  Melee: Trident           ||    80
         Constrict         ||    14
         Tentacles         ||     9
  Throw: Javelin           ||     1
    Use: Scroll            ||     5
   Stab: Sleeping          ||     5
 Armour: Skin              ||    21
  Dodge: Dodged            ||    25

Table legend: (Time is in decaauts)
 A = Elapsed time spent in this place.
 B = Non-inter-level travel time spent in this place.
 C = Inter-level travel time spent in this place.
 D = Time resting spent in this place.
 E = Time spent auto-exploring this place.
 F = Levels seen in this place.
 G = Mean time per level.
                   A        B        C        D        E       F      G
               +--------+--------+--------+--------+--------+-----+--------+
         Total |   1216 |   1156 |     60 |     40 |    804 |   3 |  405.3 |
       Dungeon |   1216 |   1156 |     60 |     40 |    804 |   3 |  405.3 |
               +--------+--------+--------+--------+--------+-----+--------+

Top non-repeatable levels by time:
     D:1: 631 daAuts
     D:2: 460 daAuts
     D:3: 125 daAuts

Levels and vault maps discovered:
D:1:      minmay_arrival_checkered_box, layout_rooms
D:2:      layout_basic, ebering_ecumenical_altar_hall,
          minmay_misc_feat_secret_circle, serial_bayou_ford_a
D:3:      layout_loops_ring, gup_sewer_entry_spiral, grunt_ministairs_4

Table legend: (Time is in decaauts)
 A = Elapsed time spent in this place.
 B = Non-inter-level travel time spent in this place.
 C = Inter-level travel time spent in this place.
 D = Time resting spent in this place.
 E = Time spent auto-exploring this place.
 F = Levels seen in this place.
 G = Mean time per level.
                   A        B        C        D        E       F      G
               +--------+--------+--------+--------+--------+-----+--------+
         Total |   1216 |   1156 |     60 |     40 |    804 |   3 |  405.3 |
       Dungeon |   1216 |   1156 |     60 |     40 |    804 |   3 |  405.3 |
               +--------+--------+--------+--------+--------+-----+--------+

Top non-repeatable levels by time:
     D:1: 631 daAuts
     D:2: 460 daAuts
     D:3: 125 daAuts

Table legend:
 A = Kills in this place as a percentage of kills in the entire game.
 B = Kills by you in this place as a percentage of kills by you in the entire game.
 C = Kills by friends in this place as a percentage of kills by friends in the entire game.
 D = Other kills in this place as a percentage of other kills in the entire game.
 E = Experience gained in this place as a percentage of experience gained in the entire game.
 F = Experience gained in this place divided by the number of levels of this place that you have seen.
                   A       B       C       D       E      F
               +-------+-------+-------+-------+-------+----------------------
         Total | 100.0 | 100.0 |   N/A |   N/A | 100.0 |  23.0
       Dungeon | 100.0 | 100.0 |   N/A |   N/A | 100.0 |  23.0
               +-------+-------+-------+-------+-------+----------------------
